 Dungeon Crawl Stone Soup version 0.18-a0-1186-gd02dc51 (webtiles) character file.

434 Kidiri the Conjurer (level 6, -1/34 HPs)
             Began as a Deep Elf Conjurer on Jan 28, 2016.
             Slain by a wight
             ... wielding a cursed +0 falchion
              (5 damage)
             ... on level 3 of the Dungeon.
             The game lasted 00:10:29 (3799 turns).

Kidiri the Conjurer (Deep Elf Conjurer)             Turns: 3799, Time: 00:10:29

Health: -1/34      AC:  4    Str:  5    XL:     6   Next: 68%
Magic:  2/15       EV: 12    Int: 22    God:
Gold:   129        SH:  0    Dex: 15    Spells: 5 memorised, 0 levels left

rFire  . . .     SeeInvis +     e - +0 dagger (venom)
rCold  . . .     Gourm    .     t - +0 leather armour
rNeg   . . .     Faith    .     (no shield)
rPois  .         Spirit   .     s - +0 helmet
rElec  .         Dismiss  .     (no cloak)
rCorr  .         Reflect  .     (no gloves)
SustAt .         Harm     .     (no boots)
MR     .....                    (no amulet)
Stlth  +++.......               a - ring of see invisible
                                l - ring of stealth

@: heavily drained, not resistant to hostile enchantments, fairly stealthy
A: no striking features
a: no special abilities


You were on level 3 of the Dungeon.
You were full.

You visited 1 branch of the dungeon, and saw 3 of its levels.
You also visited: Sewer.

You collected 129 gold pieces.

Inventory:

Hand Weapons
 e - a +0 dagger of venom (weapon)
Armour
 s - a +0 helmet (worn)
 t - a +0 leather armour (worn)
Jewellery
 a - a ring of see invisible (right hand)
 l - a ring of stealth (left hand)
Scrolls
 g - a scroll of fear
 i - 2 scrolls of remove curse
 j - a scroll of blinking {unknown}
 k - a scroll of immolation {unknown}
Potions
 d - a potion of brilliance {unknown}
 m - 2 potions of heal wounds
 o - a potion of resistance {unknown}
Books
 b - a book of Conjurations

   Spells                             Type                      Level
   a - Magic Dart                     Conjuration                  1
   b - Searing Ray                    Conjuration                  2
   c - Dazzling Spray                 Conjuration/Hexes            3
   d - Fulminant Prism                Conjuration/Hexes            4
   e - Iskenderun's Mystic Blast      Conjuration                  4
   f - Iskenderun's Battlesphere      Conjuration/Charms           5
Comestibles
 c - 2 bread rations
 f - 13 fruits
 h - 3 meat rations


   Skills:
 + Level 1.5(0.1) Fighting
 + Level 1.2(0.0) Armour
 * Level 4.4(2.9) Dodging
 + Level 4.1(2.6) Stealth
 * Level 4.7(3.2) Spellcasting
 * Level 5.6(4.0) Conjurations
 + Level 2.3(0.9) Hexes


You couldn't memorise any spells.
You knew the following spells:

 Your Spells              Type           Power        Failure   Level  Hunger
a - Magic Dart            Conj           ###.         4%          1    None
b - Searing Ray           Conj           ###...       8%          2    ##.....
c - Dazzling Spray        Conj/Hex       ##......     24%         3    ###....
d - Iskenderun's Mystic   Conj           ###.....     43%         4    ####...
e - Fulminant Prism       Conj/Hex       ##........   80%         4    ####...


Dungeon Overview and Level Annotations

Branches:
Dungeon (3/15)

Altars:
Trog


Message History

You hit the wight but do no damage.
The wight is almost destroyed.
The bat hits you. The wight hits you with a falchion.
The bat closely misses you.
You hit the wight but do no damage.
The wight is almost destroyed.
The bat hits you but does no damage. The wight hits you with a falchion!
* * * LOW HITPOINT WARNING * * *
You feel drained.
* * * LOW HITPOINT WARNING * * *
Unknown command.
You closely miss the wight.
The wight is almost destroyed.
The bat misses you. x2; The wight closely misses you.
Unknown command.
You barely miss the wight.
The wight is almost destroyed.
The bat barely misses you. The bat hits you but does no damage.
The wight hits you with a falchion.
You die...

#.#####.)..# #..#.####.##..#
####.#..##....### ##........###.#
.....#...#....>.# ###..##.)###.#
.###............## #..###..##..
....##.....###...#####...##....#.
#.#. ##......#.....#...#.##.##...
. #. ##.#.#..............#.###..
#. #.#......b............##.) .
#..###.###...z@............##.. .
..........#................###. #
#########.#...........##....... #
#.......#........#.##.. #
##(.#.###..#..##....#.. # ##...#
#..##.###....#. # ##..#
##.##..####.... ########
#..###..###.# #.#.. .......#
#...##<.###.####....


You could see a wight and a bat.

Vanquished Creatures
  A crocodile (Sewer)
  The ghost of YrmMerkstave the Grave Robber, an amateur DENe (D:3)
  A wight (D:2)
  Natasha (thrice) (D:2)
  5 gnolls
  6 adders
  2 worms (D:2)
  2 giant geckos
  5 orcs (D:3)
  5 giant cockroaches
  4 goblins
  6 hobgoblins
  5 jackals
  10 kobolds
  A quokka (D:3)
  6 bats
  5 giant newts
  2 rats
70 creatures vanquished.

Vanquished Creatures (others)
  A fulminant prism (D:3)
1 creature vanquished.

Grand Total: 71 creatures vanquished

Notes
Turn   | Place    | Note
--------------------------------------------------------------
     0 | D:1      | Kidiri the Deep Elf Conjurer began the quest for the Orb.
     0 | D:1      | Reached XP level 1. HP: 10/10 MP: 6/6
   303 | D:1      | Reached XP level 2. HP: 10/15 MP: 5/8
   307 | D:1      | Learned a level 2 spell: Searing Ray
   999 | D:2      | Reached XP level 3. HP: 19/19 MP: 5/9
  1004 | D:2      | Learned a level 3 spell: Dazzling Spray
  1152 | D:2      | Noticed Natasha
  1158 | D:2      | Killed Natasha
  1182 | D:2      | Noticed Natasha
  1189 | D:2      | Killed Natasha
  1189 | D:2      | Reached skill level 1 in Hexes
  1189 | D:2      | Reached XP level 4. HP: 14/24 MP: 1/11
  1239 | D:2      | Noticed Natasha
  1249 | D:2      | Killed Natasha
  1249 | D:2      | Reached skill level 5 in Conjurations
  1393 | D:2      | Learned a level 4 spell: Iskenderun's Mystic Blast
  1852 | D:2      | Reached XP level 5. HP: 26/28 MP: 10/13
  2311 | D:3      | Found a glowing drain.
  2350 | Sewer    | Entered a sewer
  2406 | Sewer    | Reached skill level 1 in Fighting
  2411 | Sewer    | Reached skill level 1 in Armour
  2562 | Sewer    | Noticed a crocodile
  2578 | Sewer    | Killed a crocodile
  2729 | D:3      | Noticed YrmMerkstave's ghost (amateur DENe)
  2754 | D:3      | Killed YrmMerkstave's ghost
  2754 | D:3      | Reached XP level 6. HP: 22/34 MP: 0/14
  2760 | D:3      | Learned a level 4 spell: Fulminant Prism
  3386 | D:3      | Found a bloodstained altar of Trog.
  3799 | D:3      | Slain by a wight

Vault maps used:
D:1:      scummos_arrival_hexagon, minmay_misc_feat_tower, roderic_lattice_a,
          minmay_misc_feat_more_columns, amethyst_killhole
D:2:      uniq_natasha
D:3:      old_standard_altar, gup_sewer_entry_glass, grunt_decor_resistance,
          bh_chokoban, minmay_misc_feat_tiny
Sewer:    sewer_the_crocodile

Action                   |  1- 3 |  4- 6 || total
-------------------------+-------+-------++-------
Melee: Dagger            |    10 |    52 ||    62
 Cast: Magic Dart        |    34 |   124 ||   158
       Dazzling Spray    |       |     7 ||     7
       Iskenderun's Myst |       |     2 ||     2
       Fulminant Prism   |       |     1 ||     1
  Use: Scroll            |       |     8 ||     8
       Potion            |       |     4 ||     4
 Stab: Sleeping          |       |     1 ||     1
  Eat: Chunk             |     1 |     5 ||     6
       Pizza             |       |     1 ||     1
       Meat ration       |       |     1 ||     1
       Beef jerky        |       |     1 ||     1
